 Dungeon Crawl Stone Soup version 0.29.1-4-g47bece8355 (webtiles) character file.

Game seed: 9103118071420501664

60 GorkyZ the Twirler (level 4, 0/27 HPs)
             Began as a Gargoyle Gladiator on Dec 8, 2022.
             Slain by a gnoll
             ... wielding a +0 spear
              (4 damage)
             ... on level 2 of the Dungeon.
             The game lasted 00:02:43 (1283 turns).

GorkyZ the Twirler (Gargoyle Gladiator)             Turns: 1283, Time: 00:02:43

Health: 0/27       AC:  7    Str: 17    XL:     4   Next: 4%
Magic:  4/4        EV: 12    Int:  9    God:
Gold:   56         SH:  0    Dex: 13    Spells: 3/3 levels left

rFire   . . .      SeeInvis .   a - +0 quarterstaff
rCold   . . .      Faith    .   (shield currently unavailable)
rNeg    + . .      Spirit   .   b - +0 leather armour
rPois   ∞          Reflect  .   c - +0 helmet
rElec   +          Harm     .   (no cloak)
rCorr   .          Rampage  .   (no gloves)
Will    .....                   (no boots)
Stlth   +.........              (no amulet)
HPRegen 0.09/turn               (no ring)
MPRegen 0.09/turn               (no ring)

@: no status effects
A: sickness immunity, AC +3, negative energy resistance 1, electricity
resistance, torment resistance 1, petrification resistance
a: no special abilities


You were on level 2 of the Dungeon.
You visited 1 branch of the dungeon, and saw 2 of its levels.

You collected 56 gold pieces.

Inventory:

Hand Weapons
 a - a +0 quarterstaff (weapon)
Missiles
 d - 3 throwing nets (quivered)
 e - a javelin
Armour
 b - a +0 leather armour (worn)
 c - a +0 helmet (worn)
Scrolls
 f - a scroll of fear {unknown}
 k - 2 scrolls of identify {unknown}
 l - 3 scrolls of immolation {unknown}
 m - 2 scrolls of amnesia {unknown}
 n - a scroll of brand weapon {unknown}
 o - 4 scrolls of fog {unknown}
 p - a scroll of blinking {unknown}
 q - 2 scrolls of teleportation {unknown}
 r - a scroll of enchant armour {unknown}
 s - a scroll of silence {unknown}
Potions
 g - a potion of lignification {unknown}
 h - a potion of brilliance {unknown}
 i - a potion of resistance {unknown}
 j - a potion of curing {unknown}


   Skills:
 + Level 2.6 Fighting
 + Level 0.7 Axes
 + Level 3.2 Staves
 + Level 2.1 Throwing
 + Level 1.0 Armour
 + Level 2.6 Dodging
 + Level 1.2 Shields
 + Level 0.7 Evocations


You had 3 spell levels left.
You didn't know any spells.
Your spell library contained the following spells:

 Spells                   Type           Power      Damage    Failure   Level
 Confusing Touch          Hex            0%         N/A       82%         3
 Yara's Violent Unravell  Hex/Tmut       0%         3d3       100%        5
 Enfeeble                 Hex            0%         N/A       100%        7


Dungeon Overview and Level Annotations

Branches:
Dungeon (2/15)

Altars:


Innate Abilities, Weirdness & Mutations

You are immune to sickness and miasma.
Your stone body is resilient. (AC +3)
You are immune to poison.
You resist negative energy. (rN+)
You are resistant to electric shocks. (rElec)
You are resistant to unholy torment.
You are immune to petrification.


Message History

You see here a +0 dagger.
o - 4 scrolls labelled BECSURITTY (gained 3)
You see here a +0 falchion.
You now have 56 gold pieces (gained 5).
q - 2 scrolls labelled YHUMEE OXIOMNU (gained 1)
Found a leather armour.
There is an escape hatch in the ceiling here.
Found a stone staircase leading up.
You pick up a book of Misfortune and begin reading...
You add the spells Confusing Touch, Yara's Violent Unravelling and Enfeeble to your library.
r - a scroll labelled DEZESI DIROSTO
There is a stone staircase leading up here.
Found a flail.
s - a scroll labelled NIANTYSIBE 3 gnolls come into view.
The gnoll shouts! x2; You hear a shout!
The gnoll shouts!
A gnoll comes into view. It is wielding a +0 spear.
You closely miss the gnoll. The gnoll hits you with a +0 flail.
The gnoll attacks as you move away! The gnoll barely misses you.
You thump the gnoll!
The gnoll is severely wounded.
The gnoll hits you with a +0 flail.
You sock the gnoll!
You kill the gnoll!
The gnoll closely misses you.
Your Armour skill increases to level 1!
You have reached level 4!
You feel clever. The gnoll hits you with a +0 spear.
The gnoll hits you from afar with a +0 spear.
You see here a +0 flail.
You completely miss the gnoll. The gnoll completely misses you.
The gnoll hits you from afar with a +0 spear.
You closely miss the gnoll. The gnoll closely misses you. x2
You barely miss the gnoll. The gnoll hits you with a +0 spear.
* * * LOW HITPOINT WARNING * * *
The gnoll hits you from afar with a +0 spear.
* * * LOW HITPOINT WARNING * * *
You barely miss the gnoll. The gnoll hits you with a +0 spear.
You die...

######### #
#.......# #
#.......#######
#
#..####.#.....#
#..#..)...###.#
#..#.##.### #.#
#..#.##.#
#.#######
#.......#
#........
####@####
########. #g#
#. #gg.gg... ##
##.##.#.. .# ..
.## .# ..


You could see 3 gnolls.

Vanquished Creatures
  A gnoll (D:2)
  2 adders (D:2)
  2 dart slugs
  3 ball pythons (D:1)
  3 bats
  4 endoplasms
  A giant cockroach (D:1)
  4 goblins
  A hobgoblin (D:1)
  4 jackals
  2 rats (D:1)
27 creatures vanquished.

Notes
Turn   | Place    | Note
-------+----------+-------------------------------------------
     0 | D:1      | GorkyZ the Gargoyle Gladiator began the quest for the Orb.
     0 | D:1      | Reached XP level 1. HP: 12/12 MP: 1/1
   239 | D:1      | Reached XP level 2. HP: 9/17 MP: 2/2
   797 | D:2      | Reached XP level 3. HP: 22/22 MP: 3/3
   926 | D:2      | Reached skill level 1 in Shields
  1279 | D:2      | Reached skill level 1 in Armour
  1279 | D:2      | Reached XP level 4. HP: 19/27 MP: 4/4
  1283 | D:2      | Slain by a gnoll

Illustrated notes

Levels and vault maps discovered:
D:1:      evilmike_arrival_fibonacci_small, layout_basic
D:2:      layout_loops_cross, minmay_stone_trees_small

Skill      XL: |  1  2  3 |
---------------+----------+-----
Throwing       | 2 |  2.1
Shields        | 1 |  1.2
Armour         | 1 |  1.0
Fighting       | |  2.6
Axes           | |  0.7
Staves         | |  3.2
Dodging        | |  2.6
Evocations     | |  0.7

Action                   |  1- 3 |  4- 6 || total
-------------------------+-------+-------++-------
Melee: Quarterstaff      |    89 |     4 ||    93
Armor: Leather armour    |    41 |       ||    41
Dodge: Dodged            |    66 |     3 ||    69
